 Dungeon Crawl Stone Soup version 0.25-a0-292-gaa31f046c4 (webtiles) character file.

Game seed: 2488422066377126233, levelgen mode: deterministic

41 MoonlitKnight the Sneak (level 3, -9/27 HPs)
             Began as a Vampire Assassin on Dec 15, 2019.
             Mangled by a gnoll
             ... wielding a +1 flail of crushing
              (12 damage)
             ... on level 2 of the Dungeon.
             The game lasted 00:03:01 (908 turns).

MoonlitKnight the Sneak (Vampire Assassin)           Turns: 908, Time: 00:03:01

Health: -9/27      AC:  6    Str: 10    XL:     3   Next: 32%
Magic:  3/3        EV: 11    Int: 13    God:
Gold:   17         SH:  0    Dex: 16    Spells: 2/2 levels left

rFire    . . .     SeeInvis +   a - +2 dagger
rCold    . . .     Gourm    .   (no shield)
rNeg     . . .     Faith    .   j - +0 ring mail
rPois    .         Spirit   .   (no helmet)
rElec    .         Reflect  .   c - +0 cloak
rCorr    .         Harm     .   (no gloves)
MR       .....                  (no boots)
Stlth    +++.......             (no amulet)
HPRegen  0.29/turn              (no ring)
MPRegen  0.08/turn              (no ring)

@: regenerating quickly
A: no food, fangs 3, see invisible, unbreathing
a: Exsanguinate


You were on level 2 of the Dungeon.
You were alive.

You visited 1 branch of the dungeon, and saw 2 of its levels.

You collected 17 gold pieces.

Inventory:

Hand Weapons
 a - a +2 dagger (weapon)
Missiles
 d - 2 poisoned darts (quivered)
 e - 2 curare-tipped darts
Armour
 c - a +0 cloak (worn)
 j - a +0 ring mail (worn)
Jewellery
 n - an uncursed amulet of magic regeneration {unknown}
Scrolls
 g - a scroll of magic mapping {unknown}
 h - 2 scrolls of remove curse {unknown}
 i - a scroll of identify {unknown}
 k - 2 scrolls of immolation {unknown}
Potions
 b - a potion of might {unknown}
 f - a potion of cancellation {unknown}
 l - a potion of agility {unknown}
 m - a potion of flight {unknown}
 o - a potion of invisibility {unknown}


   Skills:
 + Level 2.2 Fighting
 * Level 3.1 Short Blades
 - Level 1.5 Throwing
 + Level 1.8 Dodging
 + Level 6.3 Stealth


You had 2 spell levels left.
You didn't know any spells.
Your spell library was empty.

Dungeon Overview and Level Annotations

Branches:
Dungeon (2/15)

Altars:


Innate Abilities, Weirdness & Mutations

You do not eat.
Your natural rate of healing is unusually fast.
You have razor-sharp teeth.
You have supernaturally acute eyesight. (SInv)
You can survive without breathing.


Message History

The gnoll hits you with a +1 flail of crushing.
You hit the gnoll.
The gnoll is heavily wounded.
You hit the gnoll but do no damage.
The gnoll is heavily wounded.
The gnoll hits you with a +1 flail of crushing.
* * * LOW HITPOINT WARNING * * *
You hit the gnoll.
The gnoll is heavily wounded.
The gnoll barely misses you.
You hit the gnoll.
The gnoll is heavily wounded.
You hit the gnoll. Your bite misses the gnoll.
The gnoll is severely wounded.
The gnoll hits you with a +1 flail of crushing.
* * * LOW HITPOINT WARNING * * *
x2 You hit the gnoll.
The gnoll is severely wounded.
The gnoll hits you with a +1 flail of crushing!
You die...

...........♣≈♣≈≈≈P≈P..≈
>.......##.PP≈≈.≈..)...
.######.##.....[.(.....
#.###....)...≈... ##.#
#(.≈.P≈.P≈≈≈≈ #..#
#(.♣≈P≈P≈≈≈≈P #.##
##.#♣PPP≈≈≈≈≈ #.#
#<#.≈PP≈≈≈≈≈ #@#
#.#.≈≈≈P≈≈≈≈ #. #g#
#.#.≈≈≈≈≈≈≈♣
....###.#####.#.#♣♣♣♣♣♣#
#.............#
....###.####### .. #(#
#.# #(# .(.


You could see a gnoll.

Vanquished Creatures
  2 gnolls (D:2)
  An ooze (D:2)
  3 bats (D:1)
  A hobgoblin (D:1)
  3 jackals (D:1)
  4 kobolds
  3 frilled lizards (D:1)
  A goblin (D:1)
  A rat (D:1)
19 creatures vanquished.

Notes
Turn   | Place    | Note
-------+----------+-------------------------------------------
     0 | D:1      | MoonlitKnight the Vampire Assassin began the quest for the
                  | Orb.
     0 | D:1      | Reached XP level 1. HP: 16/16 MP: 1/1
   214 | D:1      | Reached skill level 6 in Stealth
   218 | D:1      | Reached XP level 2. HP: 22/22 MP: 2/2
   879 | D:2      | Reached XP level 3. HP: 22/27 MP: 3/3
   908 | D:2      | Mangled by a gnoll

Levels and vault maps discovered:
D:1:      kennysheep_arrival_seaside, layout_loops_ring
D:2:      layout_loops_ring, serial_bayou_ford_a

Skill      XL: |  1  2 |
---------------+-------+-----
Stealth        | 6 |  6.3
Fighting       | 2 |  2.2
Short Blades   | 3 |  3.1
Throwing       | |  1.5
Dodging        | |  1.8

Action                   || total
-------------------------++-------
Melee: Dagger            ||    68
       Bite              ||     4
Throw: Dart              ||    14
 Stab: Sleeping          ||     1
Armor: Robe              ||    13
       Ring mail         ||    19
Dodge: Dodged            ||    46

Table legend:
 A = Non-vault XP
 B = Vault XP
 C = Vault XP percentage of total XP
 D = Non-vault monster count
 E = Vault monster count
 F = Vault count percentage of total count
                 A         B        C        D         E       F
            +---------+---------+-------+---------+---------+-------
      Total |      59 |       0 |   0.0 |      19 |       0 |   0.0
            +---------+---------+-------+---------+---------+-------
        D:1 |      22 |       0 |   0.0 |      14 |       0 |   0.0
        D:2 |      37 |       0 |   0.0 |       5 |       0 |   0.0
            +---------+---------+-------+---------+---------+-------
